 Dungeon Crawl Stone Soup version 0.20-a0-623-gaf3b657 (webtiles) character file.

233 Laan the Conjurer (level 6, -2/49 HPs)
             Began as a Naga Fire Elementalist on Feb 10, 2017.
             Slain by a worker ant (8 damage)
             ... on level 4 of the Dungeon.
             The game lasted 00:11:03 (3415 turns).

Laan the Conjurer (Naga Fire Elementalist)          Turns: 3415, Time: 00:11:03

Health: -2/49      AC:  3    Str: 10    XL:     6   Next: 5%
Magic:  9/11       EV: 10    Int: 18    God:
Gold:   232        SH:  0    Dex: 11    Spells: 5/11 levels left

rFire    . . .     SeeInvis +   q - +2 halberd (venom)
rCold    . . .     Gourm    +   a - +0 robe
rNeg     . . .     Faith    .   (shield currently unavailable)
rPois    +         Spirit   .   (no helmet)
rElec    .         Reflect  .   (no cloak)
rCorr    .         Harm     .   (no gloves)
MR       .....                  (no barding)
Stlth    ++........             s - amulet of the gourmand
Regen    0.2/turn               (no ring)
                                (no ring)

@: lethally poisoned (-2 -> -4), very slow
A: see invisible, deformed body, poison resistance, slowness 2, slow metabolism
1, spit poison 1, AC +2
a: Spit Poison


You were on level 4 of the Dungeon.
You were completely stuffed.

You visited 1 branch of the dungeon, and saw 4 of its levels.

You collected 232 gold pieces.

Inventory:

Hand Weapons
 e - a +0 short sword
 i - a +0 dagger of venom
 q - a +2 halberd of venom (weapon)
 v - a +0 whip of venom
Armour
 a - a +0 robe (worn)
Jewellery
 s - an amulet of the gourmand (around neck)
Scrolls
 f - a scroll of random uselessness {unknown}
 h - 2 scrolls of identify
 j - 2 scrolls of immolation {unknown}
 l - a scroll of amnesia
 n - a scroll of magic mapping {unknown}
 o - 2 scrolls of remove curse {unknown}
 r - 3 scrolls of fog {unknown}
 t - a scroll of fear {unknown}
Potions
 g - a potion of curing {unknown}
 k - a potion of mutation {unknown}
 p - a potion of agility {unknown}
 u - a potion of brilliance {unknown}
 w - a potion of lignification {unknown}
Books
 b - a book of Flames

   Spells                             Type                      Level
   a - Flame Tongue                   Conjuration/Fire             1
   b - Throw Flame                    Conjuration/Fire             2
   c - Conjure Flame                  Conjuration/Fire             3
   d - Inner Flame                    Hexes/Fire                   3
   e - Sticky Flame                   Conjuration/Fire             4
   f - Fireball                       Conjuration/Fire             5
Comestibles
 c - 3 bread rations
 d - a royal jelly


   Skills:
 - Level 1.5 Dodging
 - Level 3.0 Stealth
 + Level 3.4 Spellcasting
 * Level 4.8 Conjurations
 - Level 3.0 Fire Magic


You had 5 spell levels left.
You knew the following spells:

 Your Spells              Type           Power        Failure   Level  Hunger
a - Flame Tongue          Conj/Fire      ###..        3%          1    None
b - Fireball              Conj/Fire      ###.......   87%         5    ######.


Dungeon Overview and Level Annotations

Branches:
Dungeon (4/15)
 Temple: D:4-7

Altars:
Dithmenos
Elyvilon
Hepliaklqana
Makhleb
Okawaru

Annotations:
D:4 MirrMurr's ghost, novice SpBe


Innate Abilities, Weirdness & Mutations

You cannot wear boots.
Your serpentine skin is tough. (AC +2)
You have supernaturally acute eyesight. (SInv)
Armour fits poorly on your strangely shaped body.
Your system is resistant to poisons. (rPois)
You cover ground very slowly.
You have a slow metabolism.
You can spit poison.


Message History

The orc wizard blinks!
MirrMurr's ghost barely misses you.
The orc wizard casts a spell.
The orc wizard flickers and vanishes for a moment.
MirrMurr's ghost hits you!
* * * LOW HITPOINT WARNING * * *
Your surroundings suddenly seem different.
A worker ant comes into view.
The worker ant twitches its antennae in your direction.
The worker ant bites you but does no damage.
Found a smoky red potion.
A howler monkey comes into view.
The howler monkey howls!
The worker ant bites you.
* * * LOW HITPOINT WARNING * * *
You are poisoned.
The worker ant poisons you!
You feel sick.
You feel sick. The worker ant barely misses you. The worker ant bites you!
You die...

#......# #.####.#........
#......# ###>..............
#......# #...####.......##.
####......########.#############.
...'......'......................
.###......########.##############
.# ##.......<.............. .#
#.....##.#####..†...... .#
#.....'.....@ah........ .#
#.....########......... .#
#.....# #......... ## .# #.....#
#......... .. .# #.....#
##..!..... ## .# #.....####
#........ .####........#
########. .........###.#
########## #.#


You could see a howler monkey and a worker ant.

Vanquished Creatures
  5 adders
  11 gnolls
  An ooze (D:4)
  A worm (D:3)
  3 leopard geckos
  3 giant cockroaches
  9 goblins
  6 hobgoblins
  9 jackals
  9 kobolds
  A quokka (D:3)
  2 ball pythons
  5 bats
  2 frilled lizards (D:1)
  8 rats (D:1)
75 creatures vanquished.

Notes
Turn   | Place    | Note
-------+----------+-------------------------------------------
     0 | D:1      | Laan the Naga Fire Elementalist began the quest for the Orb.
     0 | D:1      | Reached XP level 1. HP: 15/15 MP: 3/3
   210 | D:1      | Reached XP level 2. HP: 22/22 MP: 3/5
   432 | D:1      | Reached skill level 2 in Conjurations
   908 | D:1      | Reached XP level 3. HP: 25/28 MP: 2/6
  1358 | D:2      | Reached skill level 3 in Conjurations
  1451 | D:2      | Reached XP level 4. HP: 35/36 MP: 3/7
  2076 | D:2      | Reached skill level 4 in Conjurations
  2076 | D:2      | Reached XP level 5. HP: 42/42 MP: 7/9
  2343 | D:3      | Learned a level 5 spell: Fireball
  2946 | D:3      | Reached XP level 6. HP: 43/49 MP: 1/11
  3151 | D:3      | Found an iron altar of Okawaru.
  3151 | D:3      | Found a shadowy altar of Dithmenos.
  3156 | D:3      | Found a faded altar of an unknown god.
  3158 | D:3      | Found a white marble altar of Elyvilon.
  3159 | D:3      | Found a burning altar of Makhleb.
  3336 | D:4      | Found a hazy altar of Hepliaklqana.
  3400 | D:4      | Noticed MirrMurr's ghost (novice SpBe)
  3415 | D:4      | Slain by a worker ant

Vault maps used:
D:1:      dpeg_arrival_pits, serial_park_tiny_1, serial_park_tiny_1,
          fountainhead, minmay_hexomino_p4
D:3:      chequers_temple_overflow_minitemple, first_bread
D:4:      nicolae_overflow_hidden_temple

Skill      XL: |  1  2  3  4  5 |
---------------+----------------+-----
Conjurations   | 2 3 4 |  4.8
Spellcasting   | 3 |  3.4
Dodging        | |  1.5
Stealth        | |  3.0
Fire Magic     | |  3.0

Action                   |  1- 3 |  4- 6 || total
-------------------------+-------+-------++-------
Melee: Short sword       |    42 |       ||    42
       Dagger            |       |     9 ||     9
       Halberd           |       |     6 ||     6
 Cast: Flame Tongue      |    54 |    91 ||   145
 Abil: Spit Poison       |     1 |       ||     1
  Use: Scroll            |       |     2 ||     2
  Eat: Chunk             |     1 |    15 ||    16
Armor: Robe              |    20 |     7 ||    27
Dodge: Dodged            |    33 |    36 ||    69
